Map: Torches LE

Players

Undersky - Winner!

  • Race: Zerg Zerg
  • League: Diamond
  • Spawn Location: 5:00

LigerMaNN

  • Race: Zerg Zerg
  • League: Diamond
  • Spawn Location: 1:00

VOD

Have the link to the VOD?

Description

Time

  • Played on: June 26, 2025, 4:09 a.m.
  • Length: 6:52
Show
View Real Time Build Order
Export as new Build Order

Undersky Zerg - Winner!

Build Orders: 1 Base Baneling Bust, Pool First 

Get SALT Encoding   

  12  0:00  Drone  
  13  0:10  Extractor  
  12  0:25  Spawning Pool  
  11  0:30  Drone  
  11  0:35  Drone  
  13  0:40  Drone  
  14  0:52  Overlord  
  14  1:13  Zergling x6  
  17  1:21  Metabolic Boost  
  17  1:27  Zergling x2  
  18  1:37  Zergling x2  
  19  1:43  Queen  
  21  1:51  Zergling x2  
  22  2:03  Baneling Nest  
  22  2:08  Overlord  
  21  2:15  Zergling x2  
  22  2:21  Overlord  
  22  2:30  Zergling x2  
  23  2:41  Zergling x2  
  24  2:46  Baneling  
  23  2:53  Baneling  
  23  2:55  Drone  
  24  3:04  Drone  
  24  3:20  Hatchery  
  16  3:44  Zergling x4  
  16  3:45  Zergling x6  
  21  3:50  Roach Warren  
  21  3:52  Drone  
  21  4:05  Drone  
  22  4:14  Drone  
  20  4:36  Zergling x8  
  20  4:37  Queen  
  26  4:51  Zergling x4  
  28  4:58  Zergling x2  
  28  4:59  Zergling x2  
  30  5:03  Baneling  
  30  5:26  Zergling x2  
  30  5:27  Roach x5  
  35  5:50  Roach x5  
  41  5:57  Drone x2  
  41  6:02  Drone  
  44  6:09  Overlord  
  43  6:29  Drone  
  43  6:30  Drone x5  
Show
View Real Time Build Order
Export as new Build Order

LigerMaNN Zerg 

Build Orders: Hatch First 

Get SALT Encoding   

  12  0:00  Drone  
  13  0:12  Overlord  
  13  0:19  Drone  
  14  0:32  Drone  
  14  0:33  Drone  
  17  0:35  Drone  
  17  0:53  Hatchery  
  17  0:55  Drone  
  17  0:59  Drone  
  18  1:10  Extractor  
  17  1:15  Spawning Pool  
  17  1:17  Drone  
  17  1:20  Drone  
  18  1:28  Drone  
  19  1:38  Drone  
  20  1:49  Overlord  
  20  2:06  Zergling x4  
  22  2:11  Spine Crawler, Queen  
  22  2:12  Zergling x2  
  26  2:17  Zergling x2  
  27  2:28  Zergling x4  
  23  2:40  Zergling x4  
  25  2:49  Baneling Nest  
  22  2:55  Zergling x4  
  24  3:02  Metabolic Boost  
  24  3:08  Zergling x2  
  17  3:35  Zergling x10  
  17  3:48  Drone  
  18  3:56  Drone  
  19  4:08  Drone  
  18  4:28  Zergling x8  
  19  4:37  Drone  
  20  4:53  Drone  
  20  4:54  Drone x3  
  24  5:04  Baneling x3  
  24  5:05  Baneling  
  24  5:07  Hatchery  
  24  5:12  Zergling x2  
  24  5:19  Baneling  
  24  5:20  Baneling x2  
  22  5:31  Overlord x2  
  22  5:34  Zergling x4  
  22  5:49  Zergling x2  
  23  5:50  Zergling x6  
  25  6:05  Zergling x4  
  27  6:14  Zergling x2  
  28  6:24  Zergling x8  
Tags
 
Add a new tag
Caveats
  • Supply blocks, unpowered buildings, or Contaminate may cause inaccurate times.
  • Supply counts are checked every 10 seconds.